 Dungeon Crawl Stone Soup version 0.31-a0-217-g58bb5d79cf (webtiles) character file.

Game seed: 2251092533987102710

109 Gargoyl the Trooper (level 4, 0/30 HPs)
             Began as a Gargoyle Berserker on July 3, 2023.
             Was a Believer of Trog.
             Slain by a gnoll sergeant
             ... wielding a +4 spear of venom
              (2 damage)
             ... on level 3 of the Dungeon.
             The game lasted 00:02:33 (2063 turns).

Gargoyl the Trooper (Gargoyle Berserker)            Turns: 2063, Time: 00:02:34

Health: 0/30       AC:  6    Str: 20    XL:     4   Next: 89%
Magic:  4/4        EV: 12    Int:  8    God:    Trog [**....]
Gold:   155        SH:  3    Dex: 11    Spells: 3/3 levels left

rFire   . . .        a - +0 hand axe
rCold   . . .        e - +0 buckler
rNeg    + . .        b - +1 animal skin
rPois   ∞            (no helmet)
rElec   +            (no cloak)
rCorr   .            (no gloves)
SInv    .            (no boots)
Will    .....        (no amulet)
Stlth   +            (no ring)
HPRegen 0.25/turn    (no ring)
MPRegen 0.09/turn

%: no passive effects
@: on berserk cooldown, slowed, very slow
A: sickness immunity, AC +3, negative energy resistance 1, electricity
resistance, torment resistance 1, petrification resistance
a: Renounce Religion, Berserk, Trog's Hand


You were on level 3 of the Dungeon.
You worshipped Trog.
Trog was pleased with you.
You visited 1 branch of the dungeon, and saw 3 of its levels.

You collected 155 gold pieces.

Inventory:

Hand Weapons
 a - a +0 hand axe (weapon)
Armour
 b - a +1 animal skin (worn)
 e - a +0 buckler (worn)
Scrolls
 f - 3 scrolls of teleportation
 g - a scroll of poison
Potions
 c - a potion of curing
 d - a potion of resistance {unknown}


   Skills:
 + Level 4.3 Fighting
 + Level 3.5 Axes
 + Level 2.3 Armour
 + Level 2.3 Dodging
 + Level 1.0 Stealth
 + Level 0.4 Shields


You had 3 spell levels left.
You didn't know any spells.
Your spell library was empty.

Dungeon Overview and Level Annotations

Branches:
Dungeon (3/15)

Altars:
Ru


Innate Abilities, Weirdness & Mutations

You are immune to sickness and miasma.
Your stone body is resilient. (AC +3)
You are immune to poison.
You resist negative energy. (rN+)
You are resistant to electric shocks. (rElec)
You are resistant to unholy torment.
You are immune to petrification.


Message History

The gnoll sergeant is heavily wounded.
The gnoll sergeant hits you with a +4 spear of venom!
* * * LOW HITPOINT WARNING * * *
You hit the gnoll sergeant but do no damage.
The gnoll sergeant is heavily wounded.
Unknown command.
You closely miss the gnoll sergeant.
The gnoll sergeant is heavily wounded.
A hobgoblin comes into view.
The gnoll sergeant closely misses you.
The hobgoblin shouts!
You hit the gnoll sergeant.
The gnoll sergeant is severely wounded.
The gnoll sergeant barely misses you.
You barely miss the gnoll sergeant.
The gnoll sergeant is severely wounded.
The gnoll sergeant barely misses you.
Unknown command.
You hit the gnoll sergeant but do no damage.
The gnoll sergeant is severely wounded.
You are no longer berserk.
You are exhausted.
You feel yourself slow down. The gnoll sergeant barely misses you.
Unknown command.
You barely miss the gnoll sergeant.
The gnoll sergeant is severely wounded.
Your skin stops crawling.
You feel less strong-willed. The gnoll sergeant closely misses you.
Unknown command.
You feel better.
The gnoll sergeant hits you but does no damage.
The gnoll sergeant closely misses you.
You feel better.
The gnoll sergeant hits you with a +4 spear of venom!
You closely miss the gnoll sergeant.
The gnoll sergeant is severely wounded.
The gnoll sergeant hits you with a +4 spear of venom!
* * * LOW HITPOINT WARNING * * *
The gnoll sergeant hits you with a +4 spear of venom.
You die...

###### # #.....
#.##g#############.####
#...gg@............#
.....g###############
#####


You could see a gnoll sergeant, 2 gnolls and a hobgoblin.

Vanquished Creatures
  A gnoll (D:3)
  3 adders
  An adder skeleton (D:2)
  A dart slug (D:2)
  An orc (D:3)
  5 ball pythons
  A bat skeleton (D:2)
  6 endoplasms
  2 giant cockroaches
  6 goblins
  7 hobgoblins
  3 jackals (D:3)
  4 quokkas
  A ball python skeleton (D:2)
  8 bats
  A frilled lizard (D:1)
  4 kobolds
  3 rats (D:1)
58 creatures vanquished.

Notes
Turn   | Place    | Note
-------+----------+-------------------------------------------
     0 | D:1      | Gargoyl the Gargoyle Berserker began the quest for the Orb.
     0 | D:1      | Reached XP level 1. HP: 14/14 MP: 1/1
   168 | D:1      | Reached XP level 2. HP: 19/19 MP: 2/2
   639 | D:1      | Reached XP level 3. HP: 24/24 MP: 3/3
   919 | D:2      | Found a sacrificial altar of Ru.
   945 | D:2      | Reached ** piety under Trog
   973 | D:2      | Reached skill level 4 in Fighting
  1186 | D:2      | Reached XP level 4. HP: 19/29 MP: 4/4
  2037 | D:3      | Noticed a gnoll sergeant
  2047 | D:3      | Reached skill level 1 in Stealth
  2063 | D:3      | Slain by a gnoll sergeant

Illustrated notes

Levels and vault maps discovered:
D:1:      ebering_hopf_link, layout_basic
D:2:      layout_rooms, basic_altar, serial_undead, serial_undead_d,
          serial_undead_f, serial_undead_b, serial_undead_e
D:3:      layout_loops_ring

Skill      XL: |  1  2  3  4 |
---------------+-------------+-----
Axes           | 3 |  3.5
Dodging        | 2 |  2.3
Fighting       | 4 |  4.3
Stealth        | 1 |  1.0
Armour         | |  2.3
Shields        | |  0.4

Action                     |  1- 3 |  4- 6 || total
---------------------------+-------+-------++-------
  Melee: Hand axe          |   108 |   115 ||   223
         Punch             |     1 |       ||     1
 Invoke: Berserk           |     1 |     1 ||     2
         Trog's Hand       |       |     1 ||     1
    Use: Scroll            |     4 |     1 ||     5
         Potion            |       |     2 ||     2
   Stab: Sleeping          |     1 |     1 ||     2
 Armour: Animal skin       |    53 |    50 ||   103
  Dodge: Dodged            |    85 |    68 ||   153
  Block: Buckler           |     3 |    16 ||    19

Table legend: (Time is in decaauts)
 A = Elapsed time spent in this place.
 B = Non-inter-level travel time spent in this place.
 C = Inter-level travel time spent in this place.
 D = Time resting spent in this place.
 E = Time spent auto-exploring this place.
 F = Levels seen in this place.
 G = Mean time per level.
                   A        B        C        D        E       F      G
               +--------+--------+--------+--------+--------+-----+--------+
         Total |   2102 |   2017 |     85 |      0 |   1466 |   3 |  700.7 |
       Dungeon |   2102 |   2017 |     85 |      0 |   1466 |   3 |  700.7 |
               +--------+--------+--------+--------+--------+-----+--------+

Top non-repeatable levels by time:
     D:1: 925 daAuts
     D:3: 599 daAuts
     D:2: 577 daAuts
